 Dungeon Crawl Stone Soup version 0.29.0-4-gdea44cf6ec (webtiles) character file.

Game seed: 1925501638651726273

42 qw the Chopper (level 3, 0/21 HPs)
             Began as a Tengu Warper on Aug 28, 2022.
             Succumbed to an adder's poison
             ... on level 2 of the Dungeon.
             The game lasted 00:00:06 (944 turns).

qw the Chopper (Tengu Warper)                        Turns: 944, Time: 00:00:06

Health: 0/21       AC:  8    Str: 13    XL:     3   Next: 56%
Magic:  7/7        EV:  6    Int: 13    God:
Gold:   67         SH:  0    Dex: 13    Spells: 6/6 levels left

rFire   . . .      SeeInvis .   Y - +0 hand axe
rCold   . . .      Faith    .   (no shield)
rNeg    . . .      Spirit   .   k - +0 chain mail
rPois   .          Reflect  .   (helmet restricted)
rElec   .          Harm     .   (no cloak)
rCorr   .          Rampage  .   (no gloves)
Will    .....                   (boots unavailable)
Stlth   ..........              (no amulet)
HPRegen 0.07/turn               (no ring)
MPRegen 0.10/turn               (no ring)

@: lethally poisoned (0 -> -6)
A: beak, talons 3
a: no special abilities


You were on level 2 of the Dungeon.
You visited 1 branch of the dungeon, and saw 2 of its levels.

You collected 67 gold pieces.


Innate Abilities, Weirdness & Mutations

You have a beak for a mouth.
You have claws for feet.


   Skills:
 - Level 2.0 Fighting
 + Level 4.2 Axes
 - Level 1.0 Throwing
 - Level 1.1 Armour
 - Level 2.1 Dodging
 - Level 2.0 Spellcasting
 - Level 2.4 Translocations


You had 6 spell levels left.
You didn't know any spells.
Your spell library contained the following spells:

 Spells                   Type           Power      Damage    Failure   Level
 Blink                    Tloc           14%        N/A       99%         2
 Gell's Gravitas          Tloc           7%         N/A       100%        3
 Lesser Beckoning         Tloc           7%         N/A       100%        3
 Teleport Other           Tloc           7%         N/A       100%        3
 Manifold Assault         Tloc           7%         N/A       100%        5

Inventory:

Hand Weapons
 l - a +0 club
 Y - a +0 hand axe (weapon)
Missiles
 g - 5 boomerangs (quivered)
Armour
 c - a +2 hat
 k - a +0 chain mail (worn)
Jewellery
 b - an amulet of magic regeneration
Scrolls
 a - a scroll of poison {unknown}
 e - a scroll of enchant armour {unknown}
 h - a scroll of noise {unknown}
Potions
 d - a potion of mutation {unknown}
 f - a potion of heal wounds {unknown}
 i - a potion of flight {unknown}
 j - a potion of haste {unknown}
 m - a potion of attraction {unknown}

Dungeon Overview and Level Annotations

Branches:
Dungeon (2/15)

Altars:


Message History

There is an open door here.
The gnoll hits you from afar with a +0 spear.
The gnoll hits you but does no damage. The gnoll hits you with a +0 spear.
You hit the gnoll but do no damage. You barely miss the gnoll.
You hit the adder. The adder bites you but does no damage.
The gnoll barely misses you. The gnoll hits you but does no damage.
You barely miss the adder. Your kick misses the adder.
Your peck misses the adder.
The adder is lightly wounded.
You hit the gnoll. You hit the gnoll but do no damage.
The adder bites you but does no damage. The gnoll barely misses you.
The adder closely misses you.
You closely miss the adder. Your kick misses the adder.
The adder is lightly wounded.
You hit the gnoll. x3
The gnoll hits you from afar with a +0 spear.
The gnoll hits you with a +0 whip. The gnoll hits you but does no damage.
The adder barely misses you.
You barely miss the gnoll. You claw the gnoll, but do no damage.
You peck the gnoll, but do no damage.
The gnoll is moderately wounded.
You closely miss the gnoll. You hit the adder but do no damage.
You closely miss the gnoll. The adder bites you. The gnoll closely misses you.
The gnoll hits you with a +0 spear. The gnoll hits you but does no damage.
You hit the gnoll but do no damage. Your kick misses the gnoll.
The gnoll is moderately wounded.
You completely miss the gnoll. You hit the gnoll. You hit the adder.
The adder bites you.
You are poisoned.
The adder poisons you!
The gnoll hits you from afar with a +0 spear.
The gnoll closely misses you. The gnoll barely misses you.
The gnoll hits you with a +0 spear. The adder bites you but does no damage.
You barely miss the gnoll. You claw the gnoll.
The gnoll is heavily wounded.
You barely miss the gnoll. You miss the adder.
You hit the gnoll but do no damage.
You die...

.. .........##.########
.........##.#......#
.........##........#
.........#.........####
.........#.............
.....g...#............
.......Sg#............
......g@.'.........##
......g.##.........#
..#......###......##
.........# ##.....#
.........# #.....# ####
....###### #.....# #...
.... ##....# #.#. ...
#....###.#. #....%...#.


You could see 4 gnolls and an adder.

Vanquished Creatures
  2 adders (D:2)
  5 endoplasms
  A giant cockroach (D:1)
  2 goblins (D:1)
  3 hobgoblins
  2 kobolds
  A ball python (D:1)
  2 bats
  2 frilled lizards (D:1)
  4 rats (D:1)
24 creatures vanquished.

Notes
Turn   | Place    | Note
-------+----------+-------------------------------------------
     0 | D:1      | qw the Tengu Warper began the quest for the Orb.
     0 | D:1      | Reached XP level 1. HP: 12/12 MP: 4/4
     0 | D:1      | 0 ||| qw: Version: 0.1-a-89-g26bdef1
     0 | D:1      | 0 ||| qw: Game counter: 3244
     0 | D:1      | 0 ||| qw: Always use a shield: true
     0 | D:1      | 0 ||| qw: God list: Okawaru
     0 | D:1      | 0 ||| qw: Allow faded altars: false
     0 | D:1      | 0 ||| qw: Do Orc after D:15 true
     0 | D:1      | 0 ||| qw: Do second Lair branch before Depths: true
     0 | D:1      | 0 ||| qw: Lair rune preference: random
     0 | D:1      | 0 ||| qw: Plans: Normal
     0 | D:1      | 0 ||| PLANNING D:1-11
    69 | D:1      | 69 ||| Stepping ~*~*~tactically~*~*~ (stealth).
    70 | D:1      | 70 ||| Stepping ~*~*~tactically~*~*~ (stealth).
    71 | D:1      | 71 ||| Stepping ~*~*~tactically~*~*~ (stealth).
    72 | D:1      | 72 ||| Stepping ~*~*~tactically~*~*~ (stealth).
    73 | D:1      | 73 ||| Stepping ~*~*~tactically~*~*~ (stealth).
    80 | D:1      | Reached XP level 2. HP: 11/17 MP: 6/6
    82 | D:1      | Reached skill level 3 in Axes
   384 | D:1      | 384 ||| Stepping ~*~*~tactically~*~*~ (stealth).
   491 | D:1      | 491 ||| UPGRADING to +0 chain mail.
   501 | D:1      | 501 ||| DROPPING +0 leather armour.
   502 | D:1      | 502 ||| READING 2 scrolls labelled GONEBISYRGHYOXO.
   503 | D:1      | 503 ||| READING scroll labelled QONOUT BYBOAQ.
   504 | D:1      | 504 ||| READING scroll labelled UNAM NENASIF.
   507 | D:1      | 507 ||| DROPPING scroll of immolation.
   508 | D:1      | 508 ||| DROPPING scroll of blinking.
   550 | D:2      | Reached XP level 3. HP: 10/21 MP: 7/7
   802 | D:2      | Reached skill level 4 in Axes
   943 | D:2      | HP: 2/21 [gnoll/+0 spear (4)]
   944 | D:2      | Succumbed to an adder's poison

Levels and vault maps discovered:
D:1:      lordsloth_arrival_two_stooges, layout_rooms, minmay_tree_intersection,
          minmay_strange_pillars, minmay_pentomino_q2
D:2:      layout_basic

Skill      XL: |  1  2  3 |
---------------+----------+-----
Axes           | 3 4 |  4.2
Fighting       | |  2.0
Throwing       | |  1.0
Armour         | |  1.1
Dodging        | |  2.1
Spellcasting   | |  2.0
Translocations | |  2.4

Action                   || total
-------------------------++-------
Melee: Hand axe          ||    38
       Kick              ||     8
       Peck              ||     5
Throw: Boomerang         ||    33
  Use: Scroll            ||     3
Armor: Leather armour    ||     2
       Chain mail        ||    19
Dodge: Dodged            ||    18

Table legend:
 A = Non-vault XP
 B = Vault XP
 C = Vault XP percentage of total XP
 D = Non-vault monster count
 E = Vault monster count
 F = Vault count percentage of total count
                 A         B        C        D         E       F
            +---------+---------+-------+---------+---------+-------
      Total |      58 |       3 |   4.9 |      22 |       2 |   8.3
            +---------+---------+-------+---------+---------+-------
        D:1 |      21 |       3 |  12.5 |      14 |       2 |  12.5
        D:2 |      37 |       0 |   0.0 |       8 |       0 |   0.0
            +---------+---------+-------+---------+---------+-------
